 Dungeon Crawl Stone Soup version 0.26.1-11-gd32895ea62 (webtiles) character file.

Game seed: 12286489723221140027

219 promet the Bolt Thrower (level 6, -1/36 HPs)
             Began as a Kobold Hunter on June 4, 2021.
             Was an Initiate of Cheibriados.
             Slain by a sky beast (6 damage)
             ... on level 4 of the Dungeon on June 5, 2021.
             The game lasted 00:31:15 (4930 turns).

promet the Bolt Thrower (Kobold Hunter)             Turns: 4930, Time: 00:31:15

Health: -1/36      AC: 10    Str: 13    XL:     6   Next: 17%
Magic:  6/6        EV: 13    Int: 13    God:    Cheibriados [......]
Gold:   108        SH:  0    Dex: 16    Spells: 5/5 levels left

rFire    . . .     SeeInvis .   a - +0 short sword
rCold    + . .     Faith    .   (shield restricted)
rNeg     . . .     Spirit   .   c - +2 scale mail {rC+}
rPois    .         Reflect  .   r - +0 helmet
rElec    .         Harm     .   (no cloak)
rCorr    .         Rampage  .   (no gloves)
Will     .....                  n - +0 pair of boots
Stlth    ++........             (no amulet)
HPRegen  0.12/turn              (no ring)
MPRegen  0.10/turn              (no ring)

@: about to teleport, slow
A: small, nightstalker 3
a: Renounce Religion, Bend Time


You were on level 4 of the Dungeon.
You worshipped Cheibriados.
Cheibriados was noncommittal.
You visited 1 branch of the dungeon, and saw 5 of its levels.

You collected 108 gold pieces.

Inventory:

Hand Weapons
 a - a +0 short sword (weapon)
 b - a +1 hand crossbow
 j - a +0 spear
 t - a +0 war axe
Missiles
 d - 53 bolts
 e - 30 arrows
 h - 88 stones (quivered)
 k - 54 sling bullets
Armour
 c - a +2 scale mail of cold resistance (worn)
 n - a +0 pair of boots (worn)
 r - a +0 helmet (worn)
Scrolls
 l - 3 scrolls of identify
 o - 2 scrolls of remove curse
 p - a scroll of noise
 q - a scroll of amnesia
Potions
 f - 4 potions of heal wounds
 g - a potion of mutation
 i - a potion of curing
 s - a potion of ambrosia {unknown}
 u - a potion of experience {unknown}
 v - a potion of attraction {unknown}
 w - a potion of flight {unknown}


   Skills:
 + Level 2.9 Fighting
 + Level 2.7 Short Blades
 + Level 6.3 Crossbows
 + Level 1.3 Armour
 + Level 3.5 Dodging
 + Level 2.4 Stealth


You had 5 spell levels left.
You didn't know any spells.
Your spell library was empty.

Dungeon Overview and Level Annotations

Branches:
Dungeon (5/15)
 Temple: D:4-7

Altars:
Cheibriados
Fedhas
Gozag
Kikubaaqudgha


Innate Abilities, Weirdness & Mutations

You are small and have problems with some larger weapons.
You are completely attuned to the shadows.


Message History

Deactivating autopickup; reactivate with Ctrl-A.
Something hits you. Something shocks you.
You barely miss something. Something hits you but does no damage.
You closely miss something. Something hits you but does no damage.
You closely miss something. Something hits you but does no damage.
You hit something. Something hits you. Something shocks you.
You barely miss something. Something hits you but does no damage.
You hit something. Something hits you but does no damage.
You hit something but do no damage. Something hits you. Something shocks you.
* * * LOW HITPOINT WARNING * * *
As you read the scroll of teleportation, it crumbles to dust.
You feel strangely unstable.
A sky beast appears from thin air!
Reactivating autopickup.
The sky beast barely misses you.
The sky beast flickers out of sight!
Deactivating autopickup; reactivate with Ctrl-A.
Something hits you.
* * * LOW HITPOINT WARNING * * *
Something shocks you.
You die...

### #.########
#........##########
#.######.#@....†..# #.#
#.#.######.# #.# #.#.# #.# #
####.######.#.# #.# #
####...........#†# #.# #
...............#.######.#########
####..........>≈.................
#...........#.######..........
#...........#############.####


There were no monsters in sight!

Vanquished Creatures
  A howler monkey (D:4)
  2 orc priests (D:3)
  Terence (D:3)
  An adder (D:2)
  An ooze (D:2)
  A worm (D:4)
  3 dart slugs
  6 leopard geckos
  2 orcs (D:3)
  3 ball pythons
  9 bats
  3 giant cockroaches
  13 goblins
  5 hobgoblins (D:3)
  3 jackals (D:1)
  4 kobolds
  A quokka (D:3)
  6 frilled lizards
  4 rats
69 creatures vanquished.

Notes
Turn   | Place    | Note
-------+----------+-------------------------------------------
     0 | D:1      | promet the Kobold Hunter began the quest for the Orb.
     0 | D:1      | Reached XP level 1. HP: 12/12 MP: 1/1
   103 | D:1      | Reached skill level 5 in Crossbows
   406 | D:1      | Reached XP level 2. HP: 18/18 MP: 2/2
   615 | D:1      | Reached XP level 3. HP: 22/22 MP: 3/3
  1070 | D:1      | Reached XP level 4. HP: 27/27 MP: 4/4
  1235 | D:2      | Reached skill level 1 in Short Blades
  1235 | D:2      | Reached skill level 6 in Crossbows
  1292 | D:2      | Found a blossoming altar of Fedhas.
  2233 | D:3      | Noticed Terence
  2245 | D:3      | Killed Terence
  2246 | D:3      | Reached XP level 5. HP: 31/31 MP: 5/5
  2355 | D:3      | Found an opulent altar of Gozag.
  2355 | D:3      | Found an ancient bone altar of Kikubaaqudgha.
  2607 | D:3      | Reached skill level 1 in Armour
  3420 | D:4      | Found a snail-covered altar of Cheibriados.
  3434 | D:4      | Became a worshipper of Cheibriados the Contemplative
  4519 | D:5      | Entered Level 5 of the Dungeon
  4582 | D:5      | Noticed an ice beast
  4877 | D:5      | Noticed a sky beast
  4908 | D:4      | Reached XP level 6. HP: 33/36 MP: 6/6
  4930 | D:4      | Slain by a sky beast

Illustrated notes

Levels and vault maps discovered:
D:1:      scummos_arrival_forest, layout_rooms
D:2:      layout_basic, fedhas_altar_3
D:3:      layout_basic, gammafunk_temple_overflow_statue,
          grunt_decor_resistance, uniq_terence
D:4:      layout_basic, kennysheep_slug_shrine, minmay_misc_feat_tiny
D:5:      layout_basic, nicolae_qazlal_general_emergency, grunt_ministairs_15,
          minmay_misc_feat_plants

Skill      XL: |  1  2  3  4  5 |
---------------+----------------+-----
Crossbows      | 5 6 |  6.3
Short Blades   | 1 2 |  2.7
Dodging        | 3 |  3.5
Stealth        | 2 |  2.4
Armour         | 1 |  1.3
Fighting       | |  2.9

Action                   |  1- 3 |  4- 6 || total
-------------------------+-------+-------++-------
Melee: Short sword       |    44 |   188 ||   232
 Fire: Hand crossbow     |    34 |    34 ||    68
Throw: Stone             |     1 |       ||     1
  Use: Scroll            |     3 |    12 ||    15
       Potion            |       |     5 ||     5
 Stab: Sleeping          |     3 |     4 ||     7
       Distracted        |     1 |       ||     1
Armor: Leather armour    |     8 |    11 ||    19
       Scale mail        |       |    57 ||    57
Dodge: Dodged            |    24 |   140 ||   164
